AoeStats
← Navix de los Bosques de Lituania

Arabia

504149464Analyzed
2v2 RM · 28d ago on Sep 4, 2026· 22m 10s· 4 players
Game mode
Random Map
Map size
Medium (4 player)
Population
200
Speed
Normal
Resources
Standard
Victory
Conquest
Starting age
Dark Age
Ending age
Imperial Age
RankedLock teamsTeams togetherTeam positionsShared explorationLock speedFull tech treeHidden civsTurbo modeCheats
Victory
Defeat
🇨🇴 Romans · Colombia
742
+13
713
+15
🇨🇴 Tatars · Colombia
704
-15
🇨🇴 Wei · Colombia
660
-13
Zaitsev94
7:35 Loom
10:51 Feudal Age
12:05 Double-Bit Axe
13:05 Town Watch
16:52 Bloodlines
Pedrito9909018
10:06 Loom
11:54 Feudal Age
12:22 Horse Collar
12:30 Double-Bit Axe
15:04 Forging
19:03 Man-at-Arms
Navix de los Bosques de Lituania
7:43 Loom
12:53 Feudal Age
12:54 Man-at-Arms
13:20 Arson
13:48 Long Swordsman
14:43 Forging
14:34 Scale Mail Armor
17:27 Wheelbarrow
20:08 Fletching
20:18 Padded Archer Armor
Derzer
10:56 Feudal Age
13:19 Man-at-Arms
18:16 Double-Bit Axe
18:55 Scale Mail Armor
20:26 Horse Collar
22:07 Forging
Connection lost

Rejoining the realm…

Still unreachable

The connection could not be restored.

Session expired

The server has moved on; the page needs a fresh start.